 Dungeon Crawl Stone Soup version 0.17.1-3-g152610e (webtiles) character file.

370127 theElss the Shatterer (level 22, -4/135 HPs)
             Began as a Gargoyle Berserker on Mar 2, 2016.
             Was the Champion of Trog.
             Killed from afar by a deep elf annihilator (35 damage)
             ... with a crystal spear
             ... on level 3 of the Elven Halls on Mar 3, 2016.
             The game lasted 04:08:28 (59702 turns).

theElss the Shatterer (Gargoyle Berserker)         Turns: 59702, Time: 04:08:28

Health: -4/135     AC: 52    Str: 29    XL:     22   Next: 64%
Magic:  31/31      EV:  9    Int: 11    God:    Trog [******]
Gold:   4691       SH: 17    Dex: 10    Spells: 0 memorised, 21 levels left

rFire  + . .     SeeInvis .     K - +9 flail of the Wasteland {crush, rC+ rN+}
rCold  + . .     Rnd*Rage +     k - +7 plate armour of Supple Strength {Int+2}
rNeg   + + .     SustAt   .     r - +2 shield {rF+}
rPois  ∞         Gourm    .     t - +0 helmet
rElec  +         Spirit   .     x - +2 cloak {+Inv}
rCorr  +         Warding  .     W - +1 pair of gloves of the Engineer {rCorr}
rMut   .         Stasis   .     s - +1 pair of boots {run}
MR     ++++.                    X - amulet of regeneration
Stlth  ..........               S - +5 ring of protection
                                b - ring of protection from magic

@: flying, regenerating, quick, incredibly resistant to hostile enchantments,
extremely unstealthy
A: big wings, berserk 1, deformed body, frail 1, negative energy resistance 1,
electricity resistance, unbreathing, petrification resistance, rot immunity,
subdued magic 1, AC +16
a: Stop Flying, Berserk, Trog's Hand, Brothers in Arms, Burn Spellbooks,
Renounce Religion, Evoke Invisibility
}: 2/15 runes: decaying, gossamer


You were on level 3 of the Elven Halls.
You worshipped Trog.
Trog was exalted by your worship.
You were hungry.

You visited 8 branches of the dungeon, and saw 43 of its levels.
You visited the Abyss 1 time.
You also visited: Labyrinth, Ice Cave, Volcano and Wizlab.

You collected 5099 gold pieces.
You spent 408 gold pieces at shops.

Inventory:

Hand Weapons
 a - the +6 morningstar of the Apocalypse {freeze, rElec Stlth+}
   (Trog gifted it to you on level 4 of the Spider Nest)

   It has been specially enchanted to freeze those struck by it, causing extra
   injury to most foes and up to half again as much damage against particularly
   susceptible opponents.
   It can also slow down cold-blooded creatures.
   It insulates you from electricity.
   It makes you more stealthy.
 C - the +6 morningstar of Misery {crush, +Blink Stlth+}
   (Trog gifted it to you on level 2 of the Elven Halls)

   It inflicts extra damage upon your enemies.
   It lets you blink.
   It makes you more stealthy.
 K - the +9 flail of the Wasteland (weapon) {crush, rC+ rN+}
   (Trog gifted it to you on level 3 of the Elven Halls)

   It inflicts extra damage upon your enemies.
   It protects you from cold.
   It protects you from negative energy.
 M - the +7 great mace "Firestarter" {inner flame, rF++}
   (You took it off a deep elf annihilator on level 3 of the Elven Halls)

   It has been specially enchanted to burn those struck by it, causing extra
   injury to most foes and up to half again as much damage against particularly
   susceptible opponents.
   It greatly protects you from fire.
 P - the +5 mace of Fuusasuph {venom, rElec Str+5}
   (You found it on level 2 of the Lair of Beasts)

   It poisons the flesh of those it strikes.
   It affects your strength (+5).
   It insulates you from electricity.
 Z - the +7 glaive "Raisin" {drain, +Fly, unknown}
   (You took it off a deep elf high priest on level 3 of the Elven Halls)

   A truly terrible weapon, it drains the life of those it strikes.
   It lets you fly.
Armour
 k - the +7 plate armour of Supple Strength (worn) {Int+2}
   (You found it on level 1 of the Vaults)

   It affects your intelligence (+2).
 r - a +2 shield of fire resistance (worn)
 s - a +1 pair of boots of running (worn)
 t - a +0 helmet (worn)
 x - a +2 cloak of invisibility (worn)
 A - a cursed +0 shield of reflection
 W - the +1 pair of gloves of the Engineer (worn) {rCorr}
   (You found it in an ice cave)

   It protects you from acid and corrosion.
Jewellery
 b - a ring of protection from magic (left hand)
 y - an uncursed ring of see invisible
 F - an uncursed ring of sustain attributes
 H - an uncursed ring of stealth {unknown}
 J - an uncursed amulet of clarity
 R - an uncursed ring of protection from cold
 S - a +5 ring of protection (right hand)
 T - an uncursed ring of protection from fire
 V - an uncursed ring of positive energy
 X - an amulet of regeneration (around neck)
 Y - an uncursed amulet of resist mutation
Wands
 l - a wand of digging (10)
 o - a wand of draining (8)
 u - a wand of teleportation (4)
 I - a wand of slowing (12)
 L - a wand of fire (10)
 Q - a wand of lightning (11)
Scrolls
 e - 7 scrolls of fear
 i - 3 scrolls of recharging
 j - 12 scrolls of teleportation
 p - 18 scrolls of remove curse
 v - a scroll of fog
 E - 3 scrolls of identify
 G - a scroll of enchant weapon
Potions
 d - 15 potions of curing
 f - a potion of heal wounds
 g - a potion of magic
 w - 3 potions of haste
 B - 2 potions of might
 D - a potion of invisibility
 U - 2 potions of resistance
Books
 m - a book of Fire

   Spells                             Type                      Level
   a - Ignite Poison                  Fire/Transmutation/Poison    3
   b - Fireball                       Conjuration/Fire             5
   c - Bolt of Fire                   Conjuration/Fire             6
   d - Delayed Fireball               Conjuration/Fire             7
   e - Ring of Flames                 Charms/Fire                  7
   Trog disapproves of the use of such an item.
 z - the Volume of Cloudy Conjuration
   (You found it on level 1 of the Elven Halls)

   Spells                             Type                      Level
   a - Throw Frost                    Conjuration/Ice              2
   b - Searing Ray                    Conjuration                  2
   c - Static Discharge               Conjuration/Air              3
   d - Mephitic Cloud                 Conjuration/Poison/Air       3
   e - Poisonous Cloud                Conjuration/Poison/Air       6
   Trog disapproves of the use of such an item.
Comestibles
 c - 20 bread rations
 h - 26 beef jerkies
 n - 2 slices of pizza
 q - 10 meat rations
 N - 9 fruits
 O - 18 chunks of flesh


   Skills:
 + Level 19.6 Fighting
 + Level 22.6 Maces & Flails
 + Level 16.8 Armour
 - Level 2.0 Dodging
 - Level 0.2 Stealth
 + Level 16.8 Shields
 * Level 12.5 Evocations


You had 21 spell levels left.
You didn't know any spells.

Dungeon Overview and Level Annotations

Branches:
Dungeon (15/15)            Temple (1/1) D:5            Lair (8/8) D:11
  Swamp (4/4) Lair:5       Spider (4/4) Lair:6        Slime (0/6) Lair:7
    Orc (4/4) D:10            Elf (3/3) Orc:3        Vaults (4/5) D:13
  Crypt (0/3) Vaults:2     Depths (0/5) D:15

Altars:
Ashenzari
Cheibriados
Dithmenos
Elyvilon
Fedhas
Gozag
Kikubaaqudgha
Makhleb
Nemelex Xobeh
Okawaru
Qazlal
Ru
Sif Muna
Trog
Vehumet
Xom
Yredelemnul
Zin
The Shining One
Beogh
Jiyva

Shops:
D:8 %   D:13 :   Orc:4 [}*!%

Portals:
Pandemonium: Orc:4


Innate Abilities, Weirdness & Mutations

You are resistant to torment.
Your stone body is resilient (AC +16).
You are immune to poison.
Your large and strong wings let you fly indefinitely.
You resist negative energy.
You are resistant to electric shocks.
You can survive without breathing.
You are immune to petrification.
You are immune to rotting.
You tend to lose your temper in combat.
Armour fits poorly on your strangely shaped body.
You are frail (-10% HP).
Your spells are a little easier to cast, but a little less powerful.


Message History

Your skin crawls.
You feel resistant to hostile enchantments.
You are feeling hungry.
Your surroundings suddenly seem different.
A deep elf sorcerer comes into view. It is wielding a rapier.
The deep elf sorcerer shouts!
A deep elf annihilator comes into view. It is wielding a short sword.
The deep elf annihilator shouts!
A deep elf sorcerer comes into view. It is wielding a short sword.
The deep elf sorcerer shouts!
The deep elf annihilator casts a spell at you.
The bolt of lightning hits you! You resist.
* * * LOW HITPOINT WARNING * * *
A deep elf annihilator comes into view. It is wielding a long sword.
The deep elf annihilator gestures wildly while chanting.
The deep elf annihilator blinks!
A deep elf annihilator comes into view. It is wielding a vampiric dagger.
The deep elf annihilator gestures at you while chanting.
The crystal spear hits you!
You die...

#(.# #((# #.(######
#..##....## #
#e.#..e....### #e.
ee................##....
....es..................
...r..##...§§.e.....§...
....#. .#......@.......
..#### ####...........#
e# #.#..........# .
.............
..⌠....e.......
............e..
.........##...⌠
.......### ##..


You could see 3 deep elf annihilators and 2 deep elf sorcerers.

Vanquished Creatures
  the Lernaean hydra (Swamp:4)
  Asterion (Spider:3)
  2 deep elf blademasters
  A quicksilver dragon (WizLab)
  6 tentacled starspawn
  Agnes (Elf:2)
  A tengu reaver (Vaults:1)
  A fire giant (D:15)
  Roxanne (Spider:4)
  Wiglaf (Vaults:1)
  Donald (Elf:2)
  Maud (Orc:2)
  7 ghost moths
  6 deep elf sorcerers
  5 emperor scorpions
  10 vault wardens
  A cacodemon (WizLab)
  Aizul (Elf:3)
  13 stone giants
  6 very ugly things
  11 ironheart preservers
  2 war gargoyles
  3 deep elf demonologists (Elf:3)
  11 deep elf annihilators
  6 deep elf death magi
  6 vault guards
  3 deep elf high priests (Elf:3)
  5 fire dragons
  2 blizzard demons (IceCv)
  Josephine (Lair:8)
  3 great orbs of eyes
  6 yaktaur captains
  A minotaur (Lab)
  2 ice dragons
  Harold (Orc:2)
  8 centaur warriors
  21 hydras
  An entropy weaver (Spider:1)
  3 ghost crabs
  Erica (D:8)
  6 ogre magi
  20 alligators
  2 deep troll earth magi (Vaults:1)
  A tengu warrior (D:13)
  14 dancing weapons (Elf:2)
  2 death knights (Vaults:2)
  7 orc high priests
  A deep troll shaman (D:13)
  4 death yaks (Lair:8)
  A shock serpent (shapeshifter) (Vaults:2)
  A sun demon (Abyss:2)
  24 deep elf knights
  4 shadow wraiths
  The ghost of SaintRoka the Sneak, a novice NaEn of Cheibriados (D:8)
  The ghost of bollicks1999 the Blocker, a novice MiFi of the Shining One (Lair:1)
  A wretched star (WizLab)
  5 ice devils (IceCv)
  A hell knight (Vaults:1)
  5 deep trolls
  An orange crystal statue (WizLab)
  3 spriggan druids
  11 deep elf summoners
  13 swamp dragons
  8 giant orange brains
  4 unseen horrors
  16 starcursed masses
  A putrid demonspawn (Orc:4)
  3 shambling mangroves
  Pikel (D:5)
  11 hill giants
  A torturous demonspawn (Orc:4)
  2 harpies (Vaults:2)
  2 necromancers
  4 wizards
  16 orc knights
  17 ironbrand convokers
  27 wolf spiders
  4 griffons
  23 orb spiders
  A manticore (D:13)
  9 hornets
  13 deep elf conjurers
  23 ugly things
  3 cyclopes
  4 moths of wrath
  6 orc sorcerers (Orc:4)
  5 black mambas
  Maurice (D:8)
  An apocalypse crab (Abyss:2)
  A rust devil (Orc:4)
  9 vault sentinels
  3 eyes of devastation (WizLab)
  An ice statue (IceCv)
  17 spiny frogs
  2 torpor snails
  6 kobold demonologists
  5 large abominations
  2 molten gargoyles (Volcano)
  29 yaktaurs
  4 fire drakes
  2 tengu conjurers
  2 golden dragon simulacra (IceCv)
  9 freezing wraiths
  A fire drake (shapeshifter) (Vaults:1)
  16 komodo dragons
  9 demonic crawlers
  2 queen bees (shapeshifter)
  A jumping spider (shapeshifter) (Vaults:1)
  An ancient zyme (Abyss:1)
  11 deep elf priests
  2 human skeletons (Vaults:2)
  A blue devil (IceCv)
  4 anaconda simulacra (IceCv)
  10 giant leeches
  9 polar bears
  A raiju (Lair:8)
  A wind drake (shapeshifter) (Vaults:1)
  19 jumping spiders
  A hellwing (Orc:4)
  A two-headed ogre (shapeshifter) (Vaults:1)
  6 trolls
  A wolf spider simulacrum (IceCv)
  A frost giant simulacrum (Vaults:2)
  25 slime creatures
  A tengu simulacrum (Vaults:3)
  13 two-headed ogres
  9 boulder beetles
  2 queen bees
  8 blink frogs
  7 bog bodies
  2 trapdoor spider zombies
  22 trapdoor spiders
  21 tarantellas
  3 dire elephant simulacra (IceCv)
  5 shadows
  5 spriggans
  A wyvern (D:8)
  2 fire bats (Volcano)
  39 redbacks
  8 wraiths
  Eustachio (D:5)
  37 deep elf magi
  5 golden eyes (WizLab)
  9 hippogriffs
  4 ynoxinuls
  Grum (Lair:1)
  20 humans (D:13)
  A steam dragon (Lair:8)
  29 yaks
  9 basilisks
  4 neqoxecs
  14 wargs
  10 insubstantial wisps
  Menkaure (D:5)
  33 deep elf fighters
  3 harpy simulacra (IceCv)
  6 mottled dragons
  26 vampire mosquitoes
  36 swamp worms
  Edmund (D:5)
  A death yak simulacrum (IceCv)
  5 hydra simulacra (IceCv)
  36 orc warriors
  22 porcupines
  29 wolves
  25 spiders
  18 swamp drakes
  20 water moccasins
  4 ice beasts
  An iron troll simulacrum (IceCv)
  11 wasps
  A necrophage (D:9)
  15 black bears
  An eye of draining (D:7)
  34 ogres
  5 hell hounds (Lair:8)
  A sky beast (D:10)
  An orc zombie (Vaults:2)
  35 centaurs
  A phantom (D:6)
  6 boggarts
  22 crocodiles
  The ghost of curty the Chopper, an amateur TeSk (D:3)
  2 big kobolds
  20 giant frogs
  5 brain worms
  A wyvern zombie (D:13)
  2 scorpions
  45 killer bees
  10 wights
  6 electric eels
  8 crimson imps
  2 quasits
  2 lava snakes
  9 centaur zombies
  2 jellies
  40 orc wizards
  3 draconian simulacra (IceCv)
  18 hounds
  32 orc priests
  9 iguanas
  2 troll simulacra (IceCv)
  A yaktaur simulacrum (Vaults:1)
  A polar bear simulacrum (IceCv)
  11 worker ants
  A killer bee zombie (D:9)
  45 sheep
  3 centaur simulacra (IceCv)
  A hound zombie (D:7)
  2 hound skeletons
  2 worker ant zombies
  2 ogre simulacra (IceCv)
  71 river rats
  6 naga simulacra (IceCv)
  15 adders
  6 shadow imps
  16 white imps
  4 ufetubi (IceCv)
  An ooze (D:2)
  2 adder zombies
  An adder skeleton (D:5)
  9 worms
  3 giant geckos
  221 orcs
  5 giant cockroaches
  10 hobgoblins
  13 jackals
  2 ball pythons
  6 bats
  A giant gecko skeleton (D:6)
  A giant gecko zombie (D:8)
  4 giant newts
  20 goblins
  A jackal skeleton (D:4)
  18 kobolds
  8 quokkas
  8 rats
  A fungus (Lair:7)
  A plant (WizLab)
  11 starspawn tentacles
  A starspawn tentacle segment (WizLab)
2160 creatures vanquished.

Vanquished Creatures (collateral kills)
  A quicksilver dragon (WizLab)
  A tentacled starspawn (WizLab)
  A centaur warrior (Vaults:1)
  A spriggan druid (Swamp:2)
  A giant orange brain (WizLab)
  An eye of devastation (WizLab)
  2 centaurs (Vaults:1)
  A starspawn tentacle (WizLab)
  A starspawn tentacle segment (WizLab)
10 creatures vanquished.

Vanquished Creatures (others)
  2 ghost moths (Spider:4)
  A salamander stormcaller (Vaults:3)
  A shadow wraith (Vaults:1)
  A harpy (Vaults:2)
  An ugly thing (WizLab)
  2 slime creatures
  A spriggan (Swamp:1)
  A dire elephant simulacrum (IceCv)
  A deep elf fighter (Vaults:4)
  2 vampire mosquitoes
  2 boggarts
  A wasp (Swamp:3)
  A human skeleton (Vaults:2)
  An electric eel (Spider:2)
  A hound (D:5)
  2 river rats (Lair:8)
  2 white imps (Swamp:3)
  A bush (Lair:5)
  26 fungi
  36 plants
  15 starspawn tentacles
  171 starspawn tentacle segments
272 creatures vanquished.

Grand Total: 2442 creatures vanquished

Notes
Turn   | Place    | Note
--------------------------------------------------------------
     0 | D:1      | theElss the Gargoyle Berserker began the quest for the Orb.
     0 | D:1      | Reached XP level 1. HP: 14/14 MP: 1/1
   165 | D:1      | Reached XP level 2. HP: 17/19 MP: 2/2
   689 | D:2      | Reached XP level 3. HP: 21/24 MP: 3/3
   931 | D:2      | Reached ** piety under Trog
   936 | D:2      | Reached XP level 4. HP: 25/29 MP: 4/4
  1239 | D:2      | Reached skill level 4 in Maces & Flails
  1447 | D:2      | Found a basalt altar of Yredelemnul.
  1464 | D:2      | Found a glowing golden altar of the Shining One.
  1467 | D:2      | Found an iron altar of Okawaru.
  1470 | D:2      | Found a blossoming altar of Fedhas.
  1691 | D:3      | Noticed curty's ghost (amateur TeSk)
  1764 | D:3      | Killed curty's ghost
  1764 | D:3      | Reached XP level 5. HP: 34/34 MP: 5/5
  1959 | D:3      | Reached skill level 5 in Fighting
  1959 | D:3      | Reached skill level 5 in Maces & Flails
  1959 | D:3      | Reached XP level 6. HP: 40/40 MP: 6/6
  2009 | D:3      | Reached *** piety under Trog
  2335 | D:3      | You fall through a shaft!
  3401 | D:4      | Reached skill level 6 in Fighting
  3401 | D:4      | Reached XP level 7. HP: 46/46 MP: 7/7
  3547 | D:4      | Found an ancient bone altar of Kikubaaqudgha.
  3867 | D:5      | Entered Level 5 of the Dungeon
  3870 | D:5      | Noticed Menkaure
  3989 | D:5      | Killed Menkaure
  3989 | D:5      | Reached **** piety under Trog
  4064 | D:5      | Noticed Edmund
  4077 | D:5      | Killed Edmund
  4077 | D:5      | Reached skill level 7 in Maces & Flails
  4122 | D:5      | Reached XP level 8. HP: 52/52 MP: 8/8
  4223 | D:5      | Noticed Pikel
  4249 | D:5      | Killed Pikel
  4249 | D:5      | Reached skill level 8 in Fighting
  4570 | D:5      | Found a deep blue altar of Sif Muna.
  4648 | D:5      | Noticed Eustachio
  4650 | D:5      | Reached XP level 9. HP: 60/60 MP: 9/9
  4663 | D:5      | Killed Eustachio
  4663 | D:5      | Reached skill level 9 in Maces & Flails
  4749 | D:5      | Found a staircase to the Ecumenical Temple.
  4972 | D:6      | Found a shadowy altar of Dithmenos.
  5148 | D:6      | Got a brightly glowing ring mail
  5346 | D:6      | Identified the +2 ring mail of the Fiend {-Tele +Inv MR+ Int+7} (You found it on level 6 of the Dungeon)
  5810 | D:7      | Reached skill level 10 in Maces & Flails
  6182 | D:8      | Found a burning altar of Makhleb.
  6232 | D:8      | Noticed Maurice
  6252 | D:8      | Killed Maurice
  6252 | D:8      | Reached skill level 10 in Fighting
  6277 | D:8      | Noticed Erica
  6298 | D:8      | Killed Erica
  6298 | D:8      | Reached skill level 11 in Maces & Flails
  6298 | D:8      | Reached XP level 10. HP: 68/68 MP: 10/10
  6441 | D:8      | Found Tioketof's Food Shop.
  6500 | D:8      | Noticed SaintRoka's ghost (novice NaEn)
  6540 | D:8      | Killed SaintRoka's ghost
  7114 | D:9      | Reached skill level 12 in Maces & Flails
  8016 | D:10     | Entered Level 10 of the Dungeon
  8310 | D:10     | Found a staircase to the Orcish Mines.
  8432 | D:10     | Reached XP level 11. HP: 68/74 MP: 11/11
  8704 | D:11     | Reached skill level 13 in Maces & Flails
  9079 | D:11     | Reached skill level 14 in Maces & Flails
  9207 | D:11     | Found a staircase to the Lair.
  9223 | D:11     | Noticed a hill giant
  9237 | D:11     | Killed a hill giant
  9771 | D:11     | Noticed an eight-headed hydra
  9787 | D:11     | Killed an eight-headed hydra
  9856 | D:11     | Noticed a hill giant
  9911 | D:11     | Killed a hill giant
  9911 | D:11     | Reached ***** piety under Trog
  9911 | D:11     | Reached skill level 15 in Maces & Flails
 10016 | D:11     | Found a sacrificial altar of Ru.
 10208 | D:11     | Noticed a hill giant
 10222 | D:11     | Killed a hill giant
 10637 | D:12     | Reached XP level 12. HP: 59/80 MP: 12/12
 10833 | D:12     | Found a labyrinth entrance.
 10943 | D:12     | Reached skill level 16 in Maces & Flails
 11016 | Lab      | Entered a labyrinth
 11486 | Lab      | Noticed a minotaur
 11512 | Lab      | Killed a minotaur
 11520 | Lab      | Identified the Tome of Assistive Unholy Arts
 11554 | Lab      | Identified a +1 pair of boots of running (You found it in a labyrinth)
 12050 | Temple   | Entered the Ecumenical Temple
 12686 | D:12     | Noticed an eight-headed hydra
 12692 | D:12     | Killed an eight-headed hydra
 13204 | D:13     | Noticed a seven-headed hydra
 13238 | D:13     | Killed a seven-headed hydra
 13405 | D:13     | Reached skill level 17 in Maces & Flails
 13626 | D:13     | Reached skill level 5 in Armour
 13695 | D:13     | Found a gate to the Vaults.
 13695 | D:13     | Noticed a vault guard
 13695 | D:13     | Noticed a vault guard
 13728 | D:13     | Killed a vault guard
 13728 | D:13     | Reached XP level 13. HP: 85/85 MP: 13/13
 13743 | D:13     | Received a gift from Trog
 13759 | D:13     | Killed a vault guard
 14119 | D:13     | Found Asyighiu's Book Boutique.
 14903 | Lair:1   | Entered Level 1 of the Lair of Beasts
 14945 | Lair:1   | Reached skill level 1 in Shields
 14993 | Lair:1   | Noticed bollicks1999's ghost (novice MiFi)
 15039 | Lair:1   | Killed bollicks1999's ghost
 15374 | Lair:1   | Noticed Grum
 15416 | Lair:1   | Killed Grum
 15577 | Lair:1   | Reached skill level 5 in Shields
 15858 | Lair:2   | Received a gift from Trog
 16012 | Lair:2   | Got a polished mace
 16013 | Lair:2   | Identified the +5 mace of Fuusasuph {venom, rElec Str+5} (You found it on level 2 of the Lair of Beasts)
 16097 | Lair:2   | Reached ****** piety under Trog
 16119 | Lair:2   | Received a gift from Trog
 16985 | Lair:3   | Received a gift from Trog
 17994 | Lair:4   | Gained mutation: Your large and strong wings let you fly indefinitely. [Gargoyle growth]
 17994 | Lair:4   | Reached XP level 14. HP: 88/92 MP: 14/14
 18373 | Lair:4   | Reached skill level 10 in Shields
 18466 | Lair:4   | Identified the Incunabulum of Enchantment
 18710 | Lair:5   | Received a gift from Trog
 19040 | Lair:5   | Found a staircase to the Swamp.
 19050 | Lair:5   | Reached skill level 10 in Armour
 19554 | Lair:6   | Found a hole to the Spider Nest.
 21141 | Lair:7   | Found a viscous altar of Jiyva.
 21142 | Lair:7   | Found a staircase to the Slime Pits.
 21310 | Lair:7   | Received a gift from Trog
 21498 | Lair:8   | Entered Level 8 of the Lair of Beasts
 22045 | Lair:8   | Reached skill level 1 in Evocations
 22679 | Lair:8   | Reached skill level 5 in Evocations
 22707 | Lair:8   | Received a gift from Trog
 22921 | Lair:8   | Reached XP level 15. HP: 64/97 MP: 17/19
 23078 | Lair:8   | Noticed Josephine
 23091 | Lair:8   | Killed Josephine
 23614 | Lair:8   | Received a gift from Trog
 24626 | Orc:1    | Entered Level 1 of the Orcish Mines
 24785 | Orc:1    | Received a gift from Trog
 25206 | Orc:1    | Found a bloodstained altar of Trog.
 25347 | Orc:2    | Noticed Maud
 25535 | Orc:2    | Killed Maud
 25668 | Orc:2    | Noticed Harold
 25683 | Orc:2    | Killed Harold
 25691 | Orc:2    | Received a gift from Trog
 26497 | Orc:3    | Found a dark tunnel.
 26519 | Volcano  | Entered a volcano
 26647 | Volcano  | Found a bloodstained altar of Trog.
 26669 | Volcano  | Received a gift from Trog
 26712 | Volcano  | Reached skill level 10 in Evocations
 27192 | Orc:3    | Found a staircase to the Elven Halls.
 27626 | Orc:4    | Entered Level 4 of the Orcish Mines
 27651 | Orc:4    | Found Forchyuz's Food Emporium.
 27745 | Orc:4    | Paralysed by an orc sorcerer for 7 turns
 27864 | Orc:4    | Found a roughly hewn altar of Beogh.
 28222 | Orc:4    | Received a gift from Trog
 28241 | Orc:4    | Found Sigi's Distillery.
 28278 | Orc:4    | Found Akhutz Wejoi's General Store.
 28588 | Orc:4    | Gained mutation: Armour fits poorly on your strangely shaped body. [a neqoxec]
 28695 | Orc:4    | Paralysed by an orc sorcerer for 7 turns
 28704 | Orc:4    | Paralysed by an orc sorcerer for 7 turns
 28713 | Orc:4    | Paralysed by an orc sorcerer for 3 turns
 29066 | Orc:4    | Paralysed by an orc sorcerer for 4 turns
 29085 | Orc:4    | Received a gift from Trog
 29086 | Orc:4    | Found Merieh's Gadget Shop.
 29086 | Orc:4    | Found Noppit's Antique Armour Boutique.
 29167 | Orc:4    | Found a one-way gate leading to the halls of Pandemonium.
 29169 | Orc:4    | Bought a wand of teleportation (4) for 408 gold pieces
 29629 | Swamp:1  | Entered Level 1 of the Swamp
 29661 | Swamp:1  | Reached XP level 16. HP: 62/103 MP: 12/24
 31923 | Swamp:2  | Got a polished leather armour
 32169 | Swamp:3  | Received a gift from Trog
 32188 | Swamp:3  | Found a frozen archway.
 32282 | IceCv    | Entered an ice cave
 34002 | IceCv    | Got a pair of spiked gloves
 34006 | IceCv    | Got a pair of pitted gloves
 34017 | IceCv    | Identified the +1 pair of gloves "Peitt" {*Confuse +Blink rN+ Slay+2} (You found it in an ice cave)
 34027 | IceCv    | Identified the +1 pair of gloves of the Engineer {rCorr} (You found it in an ice cave)
 34048 | IceCv    | Identified the +1 leather armour of Sunlight {rC+ rN+ MP+9 Int-2 Dex+4} (You found it on level 2 of the Swamp)
 34394 | Swamp:3  | Reached skill level 18 in Maces & Flails
 34616 | Swamp:4  | Entered Level 4 of the Swamp
 34716 | Swamp:3  | Reached XP level 17. HP: 60/109 MP: 16/25
 35550 | Swamp:4  | Received a gift from Trog
 35660 | Swamp:4  | Noticed the 27-headed Lernaean hydra
 35672 | Swamp:4  | Killed the 27-headed Lernaean hydra
 36867 | Swamp:4  | Got a decaying rune of Zot
 37374 | Spider:1 | Entered Level 1 of the Spider Nest
 37515 | Spider:1 | Received a gift from Trog
 38529 | Spider:3 | Noticed Asterion
 38567 | Spider:3 | Killed Asterion
 38756 | Spider:3 | Received a gift from Trog
 38874 | Spider:3 | Reached XP level 18. HP: 109/116 MP: 23/26
 38971 | Spider:3 | Reached skill level 19 in Maces & Flails
 39704 | Spider:4 | Entered Level 4 of the Spider Nest
 40218 | Spider:4 | Reached skill level 15 in Shields
 40234 | Spider:4 | Noticed Roxanne
 40872 | Spider:4 | Killed Roxanne
 40874 | Spider:4 | Identified Roxanne's Handbook of Transformation (You took it off Roxanne on level 4 of the Spider Nest)
 41456 | Spider:4 | Received a gift from Trog
 41482 | Spider:4 | Got a crystal morningstar {god gift}
 41626 | Spider:4 | Identified the +6 morningstar of the Apocalypse {freeze, rElec Stlth+} (Trog gifted it to you on level 4 of the Spider Nest)
 42146 | Spider:4 | Got a gossamer rune of Zot
 42733 | Vaults:1 | Entered Level 1 of the Vaults
 43100 | D:13     | Received a gift from Trog
 43100 | D:13     | Reached XP level 19. HP: 93/121 MP: 21/27
 43381 | Vaults:1 | Got a jacinth-encrusted plate armour
 43500 | Vaults:1 | Reached skill level 20 in Maces & Flails
 44180 | Vaults:1 | Noticed Wiglaf
 44218 | Vaults:1 | Killed Wiglaf
 44376 | Vaults:1 | Received a gift from Trog
 44968 | Vaults:1 | Identified the +7 plate armour of Supple Strength {Int+2} (You found it on level 1 of the Vaults)
 45457 | Vaults:2 | Reached skill level 21 in Maces & Flails
 45783 | Vaults:2 | Received a gift from Trog
 46000 | Vaults:2 | Found a staircase to the Crypt.
 47263 | D:14     | Reached skill level 15 in Fighting
 47452 | D:14     | Reached XP level 20. HP: 129/129 MP: 28/28
 47735 | D:15     | Entered Level 15 of the Dungeon
 47746 | D:15     | Found a staircase to the Depths.
 47872 | D:15     | Received a gift from Trog
 49449 | Vaults:3 | Reached skill level 22 in Maces & Flails
 49717 | Vaults:3 | Received a gift from Trog
 50187 | Vaults:3 | Identified a scroll of acquirement
 50567 | Vaults:3 | Reached skill level 15 in Armour
 50844 | Vaults:4 | Found a magical portal.
 50853 | WizLab   | Entered Lehudib's Moon Base
 50950 | WizLab   | Received a gift from Trog
 51026 | WizLab   | Gained mutation: You are frail (-10% HP). [a neqoxec]
 51604 | WizLab   | Reached XP level 21. HP: 111/111 MP: 26/26
 51743 | WizLab   | Gained mutation: You often lose your temper in combat. [a neqoxec]
 51771 | WizLab   | Gained mutation: Your spells are a little easier to cast, but a little less powerful. [a cacodemon]
 52940 | Vaults:4 | Received a gift from Trog
 53016 | Vaults:4 | Paralysed by an ogre mage for 5 turns
 54995 | Elf:1    | Entered Level 1 of the Elven Halls
 55066 | Elf:1    | Received a gift from Trog
 55659 | Elf:1    | Received a gift from Trog
 55810 | Elf:1    | Identified the Volume of Cloudy Conjuration
 56017 | Elf:2    | Noticed Donald
 56028 | Elf:2    | Killed Donald
 56382 | Elf:2    | Found a huge runed gate.
 56382 | Elf:2    | Found a huge runed gate.
 56382 | Elf:2    | Found a huge runed gate.
 56802 | Elf:2    | Reached XP level 22. HP: 133/135 MP: 30/30
 56961 | Elf:2    | Noticed Agnes
 56980 | Elf:2    | Killed Agnes
 57180 | Elf:3    | Entered Level 3 of the Elven Halls
 57237 | Elf:2    | Received a gift from Trog
 57242 | Elf:2    | Got a slimy morningstar {god gift}
 57244 | Elf:2    | Identified the +6 morningstar of Misery {crush, +Blink Stlth+} (Trog gifted it to you on level 2 of the Elven Halls)
 57406 | Elf:3    | Noticed Aizul
 57422 | Elf:3    | Killed Aizul
 57768 | Elf:3    | Cast into the Abyss (a deep elf sorcerer)
 58237 | Elf:3    | Escaped the Abyss
 58689 | Elf:3    | Received a gift from Trog
 59050 | Elf:3    | Got a faintly glowing flail {god gift}
 59401 | Elf:3    | Got a crystal glaive {drain}
 59650 | Elf:3    | Identified the +9 flail of the Wasteland {crush, rC+ rN+} (Trog gifted it to you on level 3 of the Elven Halls)
 59702 | Elf:3    | Killed from afar by a deep elf annihilator

Action                   |  1- 3 |  4- 6 |  7- 9 | 10-12 | 13-15 | 16-18 | 19-21 | 22-24 || total
-------------------------+-------+-------+-------+-------+-------+-------+-------+-------++-------
Melee: Mace              |   109 |   259 |    60 |       |  2439 |  2562 |       |       ||  5429
       Flail             |       |       |   247 |   291 |       |       |       |    16 ||   554
       Demon whip        |       |       |       |   859 |   494 |       |       |       ||  1353
       Morningstar       |       |       |       |       |       |   240 |  2190 |   448 ||  2878
Invok: Berserk           |     1 |     6 |     6 |     9 |     4 |     8 |     3 |     2 ||    39
       Trog's Hand       |       |       |       |     1 |     2 |     4 |     3 |     2 ||    12
       Brothers in Arms  |       |       |       |       |       |     1 |     3 |       ||     4
 Abil: Fly               |       |       |       |       |     1 |     3 |       |       ||     4
  Use: Scroll            |       |       |     6 |     5 |    10 |     5 |     5 |     2 ||    33
       Potion            |       |       |       |     1 |     1 |       |     1 |       ||     3
 Stab: Confused          |       |       |       |       |     2 |     4 |       |       ||     6
       Distracted        |       |       |       |       |     1 |       |       |       ||     1
  Eat: Chunk             |     1 |    14 |    15 |    31 |    55 |    42 |    49 |    10 ||   217
       Beef jerky        |       |       |       |     2 |       |     3 |     1 |       ||     6
       Fruit             |       |       |       |       |       |     4 |       |       ||     4
       Meat ration       |       |       |       |       |       |     1 |       |     1 ||     2
       Royal jelly       |       |       |       |       |       |     1 |       |       ||     1
